 Dungeon Crawl Stone Soup version 0.31-a0-875-g02e7d12df6 (webtiles) character file.

Game seed: 8412282059886298916

119 tilp the Vexing (level 4, -1/33 HPs)
             Began as a Vampire Enchanter on Oct 13, 2023.
             Slain by an ice beast (8 damage)
             ... on level 3 of the Dungeon.
             The game lasted 00:03:51 (2596 turns).

tilp the Vexing (Vampire Enchanter)                 Turns: 2596, Time: 00:03:51

Health: -1/33      AC:  4    Str:  7    XL:     4   Next: 73%
Magic:  14/17      EV: 12    Int: 19    God:
Gold:   42         SH:  0    Dex: 14    Spells: 0/8 levels left

rFire   . . .        a - +1 dagger (freeze)
rCold   . . .        (no shield)
rNeg    + . .        g - +0 robe
rPois   .            r - +0 helmet
rElec   .            (no cloak)
rCorr   .            (no gloves)
SInv    +            i - +0 pair of boots
Will    .....        (no amulet)
Stlth   +++          f - ring of magical power
HPRegen 0.45/turn    d - ring of positive energy
MPRegen 0.15/turn

%: no passive effects
@: lethally poisoned (-1 -> -1), very slightly contaminated, healing quickly
A: alive, fangs 3, see invisible, vampiric 2
a: Exsanguinate


You were on level 3 of the Dungeon.
You visited 1 branch of the dungeon, and saw 3 of its levels.

You collected 148 gold pieces.
You spent 106 gold pieces at shops.

Inventory:

Hand Weapons
 a - a +1 dagger of freezing (weapon)
 b - a +2 dagger of venom
Missiles
 j - 10 poisoned darts (quivered)
Armour
 g - a +0 robe (worn)
 i - a +0 pair of boots (worn)
 r - a +0 helmet (worn)
Magical Staves
 l - a staff of cold
Jewellery
 d - a ring of positive energy (right hand)
 f - a ring of magical power (left hand)
Wands
 w - a wand of polymorph (11)
Scrolls
 h - a scroll of immolation
 t - a scroll of identify
 u - a scroll of poison {unknown}
 v - a scroll of amnesia {unknown}
 x - a scroll of enchant armour {unknown}
 y - a scroll of fog {unknown}
Potions
 c - 2 potions of invisibility
 e - 3 potions of lignification
 k - a potion of ambrosia
 m - a potion of haste {unknown}
 n - a potion of berserk rage {unknown}
 o - 3 potions of might
 p - a potion of curing {unknown}
 q - a potion of mutation {unknown}
 s - a potion of brilliance {unknown}


   Skills:
 * Level 1.7 Fighting
 * Level 2.3 Short Blades
 + Level 2.7 Dodging
 + Level 4.8 Stealth
 * Level 2.8 Spellcasting
 + Level 5.0 Hexes
 + Level 0.0 Evocations


You couldn't memorise any spells.
You knew the following spells:

 Your Spells              Type           Power      Damage    Failure   Level
a - Ensorcelled Hibernat  Hex/Ice        24%        N/A       9%          2
b - Confusing Touch       Hex            21%        N/A       6%          3
c - Tukima's Dance        Hex            21%        N/A       6%          3

Your spell library contained the following spells:

 Spells                   Type           Power      Damage    Failure   Level
 Dazzling Flash           Conj/Hex       24%        N/A       17%         3
 Blink                    Tloc           4%         N/A       24%         2
 Lesser Beckoning         Tloc           4%         N/A       24%         2
 Momentum Strike          Conj/Tloc      4%         3d8       24%         2


Dungeon Overview and Level Annotations

Branches:
Dungeon (3/15)

Altars:
Sif Muna

Shops:
D:2 *

Annotations:
D:3 1 runed translucent door, dKanthus's ghost, amateur TrBe


Innate Abilities, Weirdness & Mutations

Your natural rate of healing is accelerated.
You have razor-sharp teeth.
You have supernaturally acute eyesight. (SInv)
You are afflicted with vampirism and can become a bat while bloodless.


Message History

You kill the bat!
Unknown command.
x - a scroll labelled SELURY FYJUL DKanthus's ghost wails.
Found a robe.
y - a scroll labelled ONUVA WENUVIOG No target in view!
No target in view!
A kobold comes into view.
It is wielding a +0 short sword and quivering poisoned darts.
A kobold is nearby!
The kobold shouts!
An ice beast comes into view.
The kobold throws a poisoned dart.
The poisoned dart hits you!
You are poisoned.
You feel very sick.
The kobold hits you with a +0 short sword.
You hit the kobold but do no damage. You bite the kobold, but do no damage.
You feel sick. The kobold misses you.
You completely miss the kobold.
You feel sick. The kobold hits you but does no damage.
You hit the kobold. You freeze the kobold.
The kobold is severely wounded.
You feel sick. The kobold hits you but does no damage.
You hit the kobold but do no damage.
The kobold is severely wounded.
You feel sick.
You hit the kobold. You freeze the kobold.
You kill the kobold!
You feel sick.
Casting: Ensorcelled Hibernation (safe; 9% risk of failure)
Confirm with . or Enter, or press ? or * to list all spells.
You miscast Confusing Touch.
You are very lightly contaminated with residual magic.
Nothing appears to happen.
You feel sick. The ice beast hits you. The ice beast freezes you!
* * * LOW HITPOINT WARNING * * *
You completely miss the ice beast.
You feel sick. The ice beast hits you.
* * * LOW HITPOINT WARNING * * *
The ice beast freezes you!
You die...

#........#..### #..
#.......[##...## #..
#........####..## #..
#........# ##..###..
#.....?..######......
#........<.......#...
#.?......#######.#...
####.###.......#.#...
#@# #.#####.#'##..
#Y# .# #....#.. #.#
#....#.. #.# #....#..
#.# #.#'## #.# #.#.#
#'# #.#.# ... #.#.#
#.#.#


You could see an ice beast.

Vanquished Creatures
  Ijyb (D:3)
  Robin (D:2)
  3 adders
  2 ball pythons (D:2)
  4 endoplasms
  11 goblins
  10 hobgoblins
  4 quokkas
  6 bats
  6 kobolds
  3 rats
51 creatures vanquished.

Notes
Turn   | Place    | Note
-------+----------+-------------------------------------------
     0 | D:1      | tilp the Vampire Enchanter began the quest for the Orb.
     0 | D:1      | Reached XP level 1. HP: 13/13 MP: 3/3
   198 | D:1      | Found a faded altar of an unknown god.
   466 | D:1      | Reached XP level 2. HP: 20/20 MP: 5/5
   469 | D:1      | Learned a level 2 spell: Ensorcelled Hibernation
  1055 | D:2      | Gained mutation: You are afflicted with vampirism and can
                  | become a bat while bloodless. [Vampire growth]
  1055 | D:2      | Reached XP level 3. HP: 16/25 MP: 3/6
  1154 | D:2      | Reached skill level 1 in Fighting
  1358 | D:2      | Noticed Robin
  1749 | D:2      | Found Zoff's Assorted Antiques.
  1753 | D:2      | Found a shimmering blue altar of Sif Muna.
  1755 | D:2      | Bought an amethyst potion for 21 gold pieces
  1755 | D:2      | Bought a bubbling white potion for 21 gold pieces
  1755 | D:2      | Bought 2 smoky pink potions for 43 gold pieces
  1755 | D:2      | Bought a fuming puce potion for 21 gold pieces
  2043 | D:2      | Killed Robin
  2044 | D:2      | Reached XP level 4. HP: 32/32 MP: 7/7
  2291 | D:3      | Noticed dKanthus's ghost (amateur TrBe)
  2296 | D:3      | Found a runed translucent door.
  2351 | D:3      | Learned a level 3 spell: Confusing Touch
  2355 | D:3      | Learned a level 3 spell: Tukima's Dance
  2467 | D:3      | Noticed Ijyb
  2469 | D:3      | Killed Ijyb
  2470 | D:3      | Reached skill level 5 in Hexes
  2588 | D:3      | Noticed an ice beast
  2596 | D:3      | Slain by an ice beast

Illustrated notes

Levels and vault maps discovered:
D:1:      minmay_arrival_split_and_join, layout_loops_corners,
          hellmonk_ecumenical_altar_blasted
D:2:      layout_loops_ring, basic_altar, serial_shops, nicolae_shop_stone,
          uniq_robin
D:3:      layout_basic, hellmonk_ghost_happy_afterlife, uniq_ijyb

Skill      XL: |  1  2  3  4 |
---------------+-------------+-----
Fighting       | 1 |  1.7
Short Blades   | 2 |  2.3
Hexes          | 5 |  5.0
Dodging        | |  2.7
Stealth        | |  4.8
Spellcasting   | |  2.8

Action                     |  1- 3 |  4- 6 || total
---------------------------+-------+-------++-------
  Melee: Dagger            |    70 |    26 ||    96
         Bite              |     8 |     1 ||     9
   Cast: Ensorcelled Hiber |    28 |     1 ||    29
    Use: Scroll            |     6 |     1 ||     7
   Stab: Sleeping          |    24 |     6 ||    30
         Distracted        |     1 |     1 ||     2
 Armour: Robe              |    36 |    11 ||    47
  Dodge: Dodged            |    37 |     4 ||    41

Table legend: (Time is in decaauts)
 A = Elapsed time spent in this place.
 B = Non-inter-level travel time spent in this place.
 C = Inter-level travel time spent in this place.
 D = Time resting spent in this place.
 E = Time spent auto-exploring this place.
 F = Levels seen in this place.
 G = Mean time per level.
                   A        B        C        D        E       F      G
               +--------+--------+--------+--------+--------+-----+--------+
         Total |   2587 |   2487 |    100 |     92 |   1934 |   3 |  862.3 |
       Dungeon |   2587 |   2487 |    100 |     92 |   1934 |   3 |  862.3 |
               +--------+--------+--------+--------+--------+-----+--------+

Top non-repeatable levels by time:
     D:2: 1166 daAuts
     D:1: 1083 daAuts
     D:3: 337 daAuts
